 Dungeon Sprint DCSS version 0.17.1-2-g5865329 (webtiles) character file.

623 Moresty the Grappler (level 7, -7/78 HPs)
             Began as a Troll Monk on Jan 11, 2016.
             Was a Believer of Makhleb.
             Mangled by Sonja
             ... wielding a +0 short sword of distortion
              (17 damage)
             ... in the Dungeon (Sprint I: "Red Sonja").
             The game lasted 00:02:42 (276 turns).

Moresty the Grappler (Troll Monk)                    Turns: 276, Time: 00:02:42

Health: -7/78      AC:  5    Str: 22    XL:     7   Next: 22%
Magic:  6/6        EV: 12    Int:  6    God:    Makhleb [**....]
Gold:   297        SH:  0    Dex: 12    Spells: 0 memorised, 6 levels left

rFire  . . .     SeeInvis .       - Unarmed
rCold  . . .     Clarity  .     a - +0 robe
rNeg   . . .     SustAt   .     (no shield)
rPois  .         Gourm    +     (helmet restricted)
rElec  .         Spirit   .     (no cloak)
rCorr  .         Warding  .     (gloves unavailable)
rMut   .         NoTele   +     (boots unavailable)
MR     .....                    (no amulet)
Stlth  ++........               (no ring)
                                (no ring)

@: slowed, very slow, not resistant to hostile enchantments, unstealthy
A: unfitting armour, claws 3, fast metabolism 3, gourmand, regeneration 2,
shaggy fur 1, tough skin 2
a: Minor Destruction, Renounce Religion


You were in the Dungeon.
You worshipped Makhleb.
Makhleb was pleased with you.
You were completely stuffed.

You visited 1 branch You collected 297 gold pieces.

Inventory:

Hand Weapons
 j - a +0 giant spiked club
Armour
 a - a +0 robe (worn)
Wands
 k - a wand of flame (28)
Scrolls
 h - a scroll of blinking
 l - a scroll of holy word {unknown}
Potions
 e - a potion of haste
 f - 2 potions of magic
 g - a potion of berserk rage
Comestibles
 b - 2 bread rations
 i - 4 chunks of flesh


   Skills:
 + Level 7.0 Fighting
 + Level 6.6 Dodging
 + Level 2.6 Stealth
 + Level 11.4 Unarmed Combat


You had 6 spell levels left.
You didn't know any spells.

Dungeon Overview and Level Annotations

Branches:
Dungeon (1/1)

Altars:
Cheibriados
Dithmenos
Elyvilon
Fedhas
Gozag
Kikubaaqudgha
Makhleb
Nemelex Xobeh
Okawaru
Qazlal
Ru
Sif Muna
Trog
Vehumet
Xom
Yredelemnul
Zin
The Shining One
Jiyva

Shops:
D (

Annotations:
D Sonja


Innate Abilities, Weirdness & Mutations

You are too large for most types of armour.
You have claws for hands.
Your metabolism is lightning-fast.
You like to eat raw meat.
You heal very quickly.
You are covered in fur (AC +1).
You have very tough skin (AC +2).


Message History

You feel better.
Sonja mumbles some strange words.
Sonja blinks!
You claw Sonja!
Sonja is heavily wounded.
Sonja hits you with an uncursed short sword of distortion. x2
* * * LOW HITPOINT WARNING * * *
Sonja hits you but does no damage.
You feel a strange sense of stasis.
You claw Sonja!
Sonja is almost dead.
Sonja plants her feet in a plie.
Sonja hits you but does no damage. Sonja closely misses you.
Sonja hits you with an uncursed short sword of distortion.
* * * LOW HITPOINT WARNING * * *
Space bends around you.
* * * LOW HITPOINT WARNING * * *
Sonja hits you with an uncursed short sword of distortion.
* * * LOW HITPOINT WARNING * * *
Space warps horribly around you!
You die...

#<.#..'..#.)'..#__#
#..)..#..'..#..'..+
#..#####'#####'#__#
#..####..#...#.####
#..#__####..##(#
#..#_..__##'#..+
#⌠⌠#_.∩..÷'((._#
####_..._##_K#+#
#_____###@# #######
#.# $.$ #$.$# ##.##
#+#


You could see Sonja.

Vanquished Creatures
  A slime creature (D)
  Sigmund (D)
  A yak (D)
  An ogre (D)
  A jelly (D)
  Ijyb (D)
6 creatures vanquished.

Notes
Turn   | Place    | Note
--------------------------------------------------------------
     0 | D        | Moresty the Troll Monk began the quest for the Orb.
     0 | D        | Reached XP level 1. HP: 22/22 MP: 0/0
     2 | D        | Noticed Ijyb
    32 | D        | Killed Ijyb
    32 | D        | Reached skill level 5 in Unarmed Combat
    32 | D        | Reached XP level 2. HP: 14/31 MP: 1/1
    75 | D        | Noticed an ogre
    81 | D        | Killed an ogre
    81 | D        | Reached skill level 7 in Unarmed Combat
    81 | D        | Reached XP level 3. HP: 37/40 MP: 2/2
    81 | D        | Reached XP level 4. HP: 45/49 MP: 3/3
    94 | D        | Noticed Sigmund
    98 | D        | Killed Sigmund
    98 | D        | Reached skill level 5 in Fighting
    98 | D        | Reached skill level 5 in Dodging
    98 | D        | Reached skill level 9 in Unarmed Combat
    98 | D        | Reached XP level 5. HP: 55/59 MP: 4/4
   130 | D        | Found a snail-covered altar of Cheibriados.
   130 | D        | Found a viscous altar of Jiyva.
   130 | D        | Found a shadowy altar of Dithmenos.
   130 | D        | Found a blossoming altar of Fedhas.
   130 | D        | Noticed a slime creature
   136 | D        | Killed a slime creature
   136 | D        | Reached skill level 10 in Unarmed Combat
   136 | D        | Reached XP level 6. HP: 41/68 MP: 5/5
   179 | D        | Found a deep blue altar of Sif Muna.
   180 | D        | Noticed a jelly
   181 | D        | Found a radiant altar of Vehumet.
   183 | D        | Killed a jelly
   183 | D        | Reached skill level 11 in Unarmed Combat
   217 | D        | Found Bikuewea's Weapon Emporium.
   217 | D        | Found a white marble altar of Elyvilon.
   217 | D        | Found a stormy altar of Qazlal.
   217 | D        | Found a burning altar of Makhleb.
   217 | D        | Found a sacrificial altar of Ru.
   217 | D        | Found a basalt altar of Yredelemnul.
   217 | D        | Found a glowing golden altar of the Shining One.
   217 | D        | Found a sparkling altar of Nemelex Xobeh.
   217 | D        | Found a shimmering altar of Xom.
   217 | D        | Found an opulent altar of Gozag.
   217 | D        | Found an ancient bone altar of Kikubaaqudgha.
   217 | D        | Found a glowing silver altar of Zin.
   217 | D        | Noticed a yak
   220 | D        | Found an iron altar of Okawaru.
   222 | D        | Killed a yak
   222 | D        | Reached XP level 7. HP: 60/78 MP: 6/6
   227 | D        | Found a bloodstained altar of Trog.
   234 | D        | Became a worshipper of Makhleb the Destroyer
   234 | D        | Reached * piety under Makhleb
   234 | D        | Reached ** piety under Makhleb
   267 | D        | Noticed Sonja
   276 | D        | Mangled by Sonja

Action                   |  1- 3 |  4- 6 |  7- 9 || total
-------------------------+-------+-------+-------++-------
Melee: Unarmed           |    31 |     9 |     4 ||    44
  Use: Potion            |       |       |     2 ||     2
 Stab: Sleeping          |       |     2 |       ||     2
  Eat: Chunk             |       |       |     8 ||     8
